AoeStats
← Carple

Black Forest

504132762Analyzed
4v4 RM · 29d ago on Sep 4, 2026· 91m 34s· 8 players
Game mode
Random Map
Map size
Large (8 player)
Population
200
Speed
Normal
Resources
Standard
Victory
Conquest
Starting age
Dark Age
Ending age
Imperial Age
RankedLock teamsTeams togetherTeam positionsShared explorationLock speedFull tech treeHidden civsTurbo modeCheats
Victory
Defeat
🇮🇳 Khmer · India
1023
+15
🇨🇴 Khmer · Colombia
1011
+15
🇬🇧 Celts · United Kingdom
1009
+15
🇨🇦 Spanish · Canada
979
+17
🇨🇱 Mongols · Chile
1067
-18
🇨🇱 Koreans · Chile
1039
-18
🇮🇩 Chinese · Indonesia
948
-13
🇨🇱 Magyars · Chile
932
-13
Carple
0:30 Loom
14:08 Feudal Age
15:20 Double-Bit Axe
20:39 Castle Age
19:28 Stone Mining
19:28 Gold Mining
19:43 Padded Archer Armor
19:35 Horse Collar
22:25 Wheelbarrow
22:36 Bow Saw
28:16 Town Watch
29:27 Bloodlines
32:41 Hand Cart
32:39 Husbandry
33:09 Leather Archer Armor
37:20 Imperial Age
35:23 Town Patrol
35:15 Fletching
36:03 Caravan
37:27 Ballistics
37:18 Fortified Wall
38:41 Conscription
39:45 Chemistry
39:16 Elite Conquistador
40:28 Ring Archer Armor
40:39 Fortified Wall
40:26 Murder Holes
40:36 Bodkin Arrow
40:52 Forging
40:42 Scale Mail Armor
40:49 Scale Barding Armor
42:10 Bracer
43:05 Cavalier
43:05 Light Cavalry
43:08 Pikeman
43:49 Squires
43:35 Arson
43:35 Gambesons
45:27 Iron Casting
45:13 Chain Barding Armor
45:09 Chain Mail Armor
46:53 Two-Man Saw
46:05 Heavy Plow
47:05 Paladin
47:05 Hussar
50:56 Blast Furnace
50:32 Plate Barding Armor
50:27 Plate Mail Armor
53:32 Elite Skirmisher
55:20 Halberdier
60:44 Man-at-Arms
61:53 Long Swordsman
63:33 Two-Handed Swordsman
V Cr7
7:45 Loom
10:49 Feudal Age
17:42 Castle Age
16:01 Double-Bit Axe
16:08 Gold Mining
21:07 Horse Collar
25:45 Imperial Age
24:11 Wheelbarrow
27:37 Husbandry
27:49 Bloodlines
28:23 Hand Cart
28:06 Fishing Lines
29:28 Scale Barding Armor
29:34 Forging
30:01 Elite Battle Elephant
31:33 Ballistics
32:14 Chemistry
32:08 Conscription
32:11 Light Cavalry
33:13 Chain Barding Armor
33:29 Iron Casting
34:13 Hussar
37:12 Gold Shaft Mining
36:48 Bow Saw
36:40 Heavy Plow
38:09 Plate Barding Armor
39:13 Heavy Scorpion
40:22 Fletching
39:55 Hussar
41:37 Double Crossbow
41:35 Bodkin Arrow
43:56 Capped Ram
44:48 Bracer
45:49 Blast Furnace
44:55 Siege Engineers
47:34 Siege Ram
51:03 Elite Battle Elephant
53:37 Padded Archer Armor
53:38 Scale Mail Armor
54:10 Crop Rotation
55:27 Tusk Swords
54:57 Elite Battle Elephant
57:14 Chain Mail Armor
57:30 Caravan
64:05 Coinage
69:30 Leather Archer Armor
74:46 Banking
75:44 Pikeman
76:09 Arson
78:22 Halberdier
83:56 Ring Archer Armor
PibblesMcGhee
0:28 Loom
12:59 Feudal Age
14:59 Man-at-Arms
15:52 Double-Bit Axe
19:29 Castle Age
22:03 Bow Saw
21:35 Horse Collar
21:48 Pikeman
23:34 Forging
28:21 Scale Mail Armor
29:46 Pikeman
31:24 Wheelbarrow
30:46 Fishing Lines
33:58 Imperial Age
31:55 Gold Mining
33:08 Stronghold
33:55 Caravan
34:31 Hand Cart
35:24 Conscription
34:48 Onager
36:44 Hoardings
36:58 Fortified Wall
37:50 Chemistry
37:03 Siege Engineers
37:10 Gillnets
38:31 Siege Onager
40:43 Gold Shaft Mining
41:02 Furor Celtica
41:32 Heavy Plow
43:49 Chemistry
43:13 Ballistics
44:53 Elite Woad Raider
46:33 Iron Casting
46:23 Chain Mail Armor
46:02 Fletching
46:38 Halberdier
53:59 Heavy Scorpion
54:46 Town Watch
57:04 Plate Mail Armor
57:35 Blast Furnace
56:32 Bodkin Arrow
58:19 Town Patrol
63:23 Capped Ram
67:39 Siege Ram
67:47 Siege Ram
80:55 Masonry
Zombie
0:33 Loom
12:18 Feudal Age
18:09 Castle Age
16:37 Double-Bit Axe
19:39 Bow Saw
30:29 Wheelbarrow
33:48 Horse Collar
37:31 Imperial Age
35:19 Light Cavalry
36:10 Bloodlines
36:38 Husbandry
37:02 Scale Barding Armor
37:08 Forging
37:24 Stone Mining
38:22 Chain Barding Armor
37:39 Hussar
39:30 Iron Casting
39:07 Gold Mining
39:49 Conscription
42:20 Blast Furnace
43:22 Plate Barding Armor
46:15 Stone Shaft Mining
47:30 Fletching
48:40 Bodkin Arrow
51:00 Bracer
56:50 Murder Holes
57:45 Heavy Plow
69:57 Chemistry
72:14 Siege Engineers
74:13 Hand Cart
75:02 Town Watch
78:57 Ballistics
80:52 Padded Archer Armor
82:27 Leather Archer Armor
81:41 Elite Skirmisher
84:54 Ring Archer Armor
89:31 Caravan
mAjiCode
11:25 Feudal Age
15:36 Castle Age
14:42 Double-Bit Axe
16:13 Scale Mail Armor
17:25 Bow Saw
24:03 Great Wall
24:26 Horse Collar
27:35 Scale Mail Armor
27:46 Forging
30:44 Iron Casting
30:02 Fletching
31:02 Wheelbarrow
30:42 Caravan
33:41 Heavy Plow
33:59 Hand Cart
33:30 Loom
34:04 Bodkin Arrow
34:09 Padded Archer Armor
34:25 Gold Mining
34:26 Stone Mining
36:49 Ballistics
36:41 Fortified Wall
36:54 Masonry
36:47 Murder Holes
40:11 Imperial Age
40:24 Elite Fire Lancer
41:06 Squires
41:12 Bracer
41:27 Chain Mail Armor
41:48 Iron Casting
40:59 Heavy Rocket Cart
41:57 Elite Chu Ko Nu
42:59 Conscription
45:08 Leather Archer Armor
48:18 Chemistry
47:48 Architecture
LCsLA Skoll
1:14 Loom
11:00 Feudal Age
15:45 Castle Age
14:31 Double-Bit Axe
21:20 Fishing Lines
25:19 Gillnets
29:52 Imperial Age
27:47 Fletching
29:23 Wheelbarrow
28:34 Town Watch
28:46 Bodkin Arrow
30:19 Ballistics
30:43 Bow Saw
30:51 Elite Mangudai
32:36 Chemistry
32:46 Bracer
32:39 Gold Mining
33:24 Fortified Wall
33:53 Padded Archer Armor
34:05 Bloodlines
33:56 Husbandry
35:57 Parthian Tactics
35:38 Thumb Ring
36:03 Light Cavalry
37:03 Leather Archer Armor
36:54 Scale Barding Armor
37:00 Forging
37:24 Conscription
37:36 Hand Cart
37:21 Town Patrol
37:16 Hussar
38:33 Horse Collar
40:43 Chain Barding Armor
40:58 Iron Casting
39:51 Onager
41:26 Siege Onager
42:15 Siege Engineers
43:41 Drill
45:31 Blast Furnace
47:09 Capped Ram
48:07 Siege Ram
57:30 Caravan
84:13 Murder Holes
Pixu
8:26 Loom
14:10 Feudal Age
14:34 Horse Collar
15:52 Double-Bit Axe
28:05 Castle Age
26:25 Stone Mining
26:26 Gold Mining
28:08 Bloodlines
28:06 Scale Barding Armor
30:18 Wheelbarrow
30:44 Gold Shaft Mining
33:16 Heavy Plow
40:24 Imperial Age
38:34 Fletching
38:45 Scale Mail Armor
39:25 Hand Cart
41:16 Bow Saw
41:10 Husbandry
40:31 Light Cavalry
41:14 Corvinian Army
44:02 Two-Man Saw
43:38 Chain Barding Armor
43:15 Bodkin Arrow
43:21 Padded Archer Armor
43:15 Hussar
43:16 Cavalier
44:52 Crop Rotation
44:39 Caravan
47:09 Paladin
55:02 Plate Barding Armor
LavMani
0:34 Loom
12:48 Feudal Age
17:17 Castle Age
18:25 Double-Bit Axe
19:34 Bow Saw
20:16 Horse Collar
27:32 Wheelbarrow
27:47 Fletching
28:18 Heavy Plow
33:36 Imperial Age
31:55 Caravan
32:28 Thumb Ring
33:14 Forging
33:04 Scale Mail Armor
33:06 Gold Mining
33:07 Stone Mining
34:24 Hand Cart
34:46 Iron Casting
34:07 Bodkin Arrow
34:14 Pikeman
36:07 Halberdier
36:47 Squires
37:10 Chain Mail Armor
39:24 Chemistry
38:44 Ballistics
39:08 Conscription
39:14 Town Watch
40:17 Plate Mail Armor
40:50 Eupseong
40:40 Arrowslits
41:07 Masonry
40:55 Murder Holes
41:04 Bracer
42:25 Two-Man Saw
42:16 Scale Barding Armor
44:26 Gold Shaft Mining
43:18 Elite Fire Lancer
43:58 Elite War Wagon
44:26 Crossbowman
45:34 Town Patrol
47:57 Elite Skirmisher
52:48 Coinage
56:49 Banking
58:44 Chain Barding Armor
64:00 Arbalester
68:14 Architecture
67:50 Siege Engineers
70:52 Stone Shaft Mining
72:32 Guilds
81:14 Heavy Rocket Cart
Connection lost

Rejoining the realm…

Still unreachable

The connection could not be restored.

Session expired

The server has moved on; the page needs a fresh start.